Workbook
Name CIVILITE: [1]Travail!$A$2:$A$4
Name COMPTES: [1]Travail!$I$2:$I$26
Name INTITULES: [1]Travail!$L$2:$L$26
Name MODE: [1]Travail!$C$2:$C$5
Name RECETTES: '[1]REC-DEP'!#REF!
Name SEXE: [1]Travail!$A$8:$A$9
Name VILLES: [1]Travail!$C$8:$C$12

Sheet REC-DEP
A1: Recettes & Depenses Tableau_1
A2: NO CPTES | B2: Dates | C2: Ecritures | D2: depenses | E2: recettes
A3: 765 | B3: 42614 | C3: Cotisations | E3: 200
A4: 105 | B4: 42614 | C4: Tresorerie de depart | E4: 1200
A5: 540 | B5: 42621 | C5: Pestations services ecole | E5: 180
A6: 640 | B6: 42628 | C6: Prestations services centre | E6: 210
A7: 1020 | B7: 42631 | C7: carburant | D7: -60
A8: 1030 | B8: 42635 | C8: Assurannce FSD | D8: -150
A9: 460 | B9: 42638 | C9: reparations | D9: -120
A10: 765 | B10: 42639 | C10: Cotisations | E10: 600
A11: 540 | B11: 42639 | C11: Presta ecole urdazuri | E11: 100
A12: 1020 | B12: 42640 | C12: carburant | D12: -45
A13: 650 | B13: 42640 | C13: Salaire Professeur | D13: -800
A14: 765 | B14: 42643 | C14: Cotisations | E14: 300
A15: 1040 | B15: 42645 | C15: Alimentation
A16: 1020 | B16: 42651 | C16: carburant | D16: -35
A17: 765 | B17: 42655 | C17: Cotisations | E17: 480

Sheet BUD-PREV
A1: Budget previsionnel Tableau_2
A2: CPTES | B2: LIBELLES | C2: Septembre | D2: Octobre
A3: 765 | B3: Cotisations | C3: =ABS(SUMPRODUCT(('REC-DEP'!$A$3:$A$17=Tableau5[[#This Row],[CPTES]])*(MONTH('REC-DEP'!$B$3:$B$17)=9)*('REC-DEP'!$D$3:$E$17))) -> 1100 | D3: =ABS(SUMPRODUCT(('REC-DEP'!$A$3:$A$17=Tableau5[[#This Row],[CPTES]])*(MONTH('REC-DEP'!$B$3:$B$17)=10)*('REC-DEP'!$D$3:$E$17))) -> 480
A4: 540 | B4: Pestations services ecole | C4: =ABS(SUMPRODUCT(('REC-DEP'!$A$3:$A$17=Tableau5[[#This Row],[CPTES]])*(MONTH('REC-DEP'!$B$3:$B$17)=9)*('REC-DEP'!$D$3:$E$17))) -> 280 | D4: =ABS(SUMPRODUCT(('REC-DEP'!$A$3:$A$17=Tableau5[[#This Row],[CPTES]])*(MONTH('REC-DEP'!$B$3:$B$17)=10)*('REC-DEP'!$D$3:$E$17))) -> 0
A5: 105 | B5: Tresorerie de depart | C5: =ABS(SUMPRODUCT(('REC-DEP'!$A$3:$A$17=Tableau5[[#This Row],[CPTES]])*(MONTH('REC-DEP'!$B$3:$B$17)=9)*('REC-DEP'!$D$3:$E$17))) -> 1200 | D5: =ABS(SUMPRODUCT(('REC-DEP'!$A$3:$A$17=Tableau5[[#This Row],[CPTES]])*(MONTH('REC-DEP'!$B$3:$B$17)=10)*('REC-DEP'!$D$3:$E$17))) -> 0
A6: 640 | B6: Prestations services centre | C6: =ABS(SUMPRODUCT(('REC-DEP'!$A$3:$A$17=Tableau5[[#This Row],[CPTES]])*(MONTH('REC-DEP'!$B$3:$B$17)=9)*('REC-DEP'!$D$3:$E$17))) -> 210 | D6: =ABS(SUMPRODUCT(('REC-DEP'!$A$3:$A$17=Tableau5[[#This Row],[CPTES]])*(MONTH('REC-DEP'!$B$3:$B$17)=10)*('REC-DEP'!$D$3:$E$17))) -> 0
B7: Total des recettes | C7: =SUM(C3:C4) -> 1380
C8: =ABS(SUMPRODUCT(('REC-DEP'!$A$3:$A$17=Tableau5[[#This Row],[CPTES]])*(MONTH('REC-DEP'!$B$3:$B$17)=9)*('REC-DEP'!$D$3:$E$17))) -> 0 | D8: =ABS(SUMPRODUCT(('REC-DEP'!$A$3:$A$17=Tableau5[[#This Row],[CPTES]])*(MONTH('REC-DEP'!$B$3:$B$17)=10)*('REC-DEP'!$D$3:$E$17))) -> 0
A9: 1020 | B9: carburant | C9: =ABS(SUMPRODUCT(('REC-DEP'!$A$3:$A$17=Tableau5[[#This Row],[CPTES]])*(MONTH('REC-DEP'!$B$3:$B$17)=9)*('REC-DEP'!$D$3:$E$17))) -> 105 | D9: =ABS(SUMPRODUCT(('REC-DEP'!$A$3:$A$17=Tableau5[[#This Row],[CPTES]])*(MONTH('REC-DEP'!$B$3:$B$17)=10)*('REC-DEP'!$D$3:$E$17))) -> 35
A10: 460 | B10: reparations | C10: =ABS(SUMPRODUCT(('REC-DEP'!$A$3:$A$17=Tableau5[[#This Row],[CPTES]])*(MONTH('REC-DEP'!$B$3:$B$17)=9)*('REC-DEP'!$D$3:$E$17))) -> 120 | D10: =ABS(SUMPRODUCT(('REC-DEP'!$A$3:$A$17=Tableau5[[#This Row],[CPTES]])*(MONTH('REC-DEP'!$B$3:$B$17)=10)*('REC-DEP'!$D$3:$E$17))) -> 0
D11: =ABS(SUMPRODUCT(('REC-DEP'!$A$3:$A$17=Tableau5[[#This Row],[CPTES]])*(MONTH('REC-DEP'!$B$3:$B$17)=10)*('REC-DEP'!$D$3:$E$17))) -> 0
A12: 1030 | B12: Assurance FSD | C12: =ABS(SUMPRODUCT(('REC-DEP'!$A$3:$A$17=Tableau5[[#This Row],[CPTES]])*(MONTH('REC-DEP'!$B$3:$B$17)=9)*('REC-DEP'!$D$3:$E$17))) -> 150 | D12: =ABS(SUMPRODUCT(('REC-DEP'!$A$3:$A$17=Tableau5[[#This Row],[CPTES]])*(MONTH('REC-DEP'!$B$3:$B$17)=10)*('REC-DEP'!$D$3:$E$17))) -> 0
A13: 1040 | B13: Alimentation | C13: =ABS(SUMPRODUCT(('REC-DEP'!$A$3:$A$17=Tableau5[[#This Row],[CPTES]])*(MONTH('REC-DEP'!$B$3:$B$17)=9)*('REC-DEP'!$D$3:$E$17))) -> 0 | D13: =ABS(SUMPRODUCT(('REC-DEP'!$A$3:$A$17=Tableau5[[#This Row],[CPTES]])*(MONTH('REC-DEP'!$B$3:$B$17)=10)*('REC-DEP'!$D$3:$E$17))) -> 0
A14: 650 | B14: Salaire Professeur | C14: =ABS(SUMPRODUCT(('REC-DEP'!$A$3:$A$17=Tableau5[[#This Row],[CPTES]])*(MONTH('REC-DEP'!$B$3:$B$17)=9)*('REC-DEP'!$D$3:$E$17))) -> 800 | D14: =ABS(SUMPRODUCT(('REC-DEP'!$A$3:$A$17=Tableau5[[#This Row],[CPTES]])*(MONTH('REC-DEP'!$B$3:$B$17)=10)*('REC-DEP'!$D$3:$E$17))) -> 0
B15: Total des Depenses | C15: =SUM(C8:C14) -> 1175
D16: =ABS(SUMPRODUCT(('REC-DEP'!$A$3:$A$17=Tableau5[[#This Row],[CPTES]])*(MONTH('REC-DEP'!$B$3:$B$17)=10)*('REC-DEP'!$D$3:$E$17))) -> 0
B17: BALANCE | C17: =C7-C15 -> 205

Sheet Feuil1
A1: COMPTES | B1: INTITULES DES COMPTES | C1: DATE | D1: MODE | E1: ECRITURE | F1: DEBIT | G1: CREDIT | H1: SOLDE
A2: 120000 | B2: 120. Résultat de l'exercice precedent | C2: 42613 | D2: VIREM | E2: Tresorerie de depart | G2: 2427.06 | H2: =F2+G2 -> 2427.06
A3: 616600 | B3: 6166 Assurance vehicule | C3: 42619 | D3: PRELEV | E3: Assurance voiture | F3: -70.07 | H3: =F3+G3+H2 -> 2356.99
A4: 623200 | B4: 6232. Sacem | C4: 42619 | D4: CHEQUE | E4: Sacem | F4: -55.55 | H4: =F4+G4+H3 -> 2301.44
A5: 616800 | B5: 6168. Assurance Adherents | C5: 42615 | D5: CHEQUE | E5: FSD Adherents | F5: -75 | H5: =F5+G5+H4 -> 2226.44
A6: 641100 | B6: 6411. Salaires, appointements | C6: 42618 | D6: CHEQUE | E6: Salaire cabeca | F6: -880 | H6: =F6+G6+H5 -> 1346.44
A7: 623200 | B7: 6232. Sacem | C7: 42619 | D7: CHEQUE | E7: sacem | F7: -55.55 | H7: =F7+G7+H6 -> 1290.89
A8: 708100 | B8: 7081 Prestations Ecoles | C8: 42621 | D8: VIREM | E8: NAPS St jean | G8: 420 | H8: =F8+G8+H7 -> 1710.89
A9: 602210 | B9: 60221. Combustibles | C9: 42622 | D9: CARTE | E9: Carburant | F9: -39.01 | H9: =F9+G9+H8 -> 1671.88
A10: 627000 | B10: 627 Services bancaires et assimilés | C10: 42614 | D10: PRELEV | E10: Frais bancaire | F10: -6.63 | H10: =F10+G10+H9 -> 1665.25
A11: 708400 | B11: 7084 Prestations centre de loisirs | C11: 42625 | D11: VIREM | E11: Presta centre loisirs Ciboure | G11: 2056.25 | H11: =F11+G11+H10 -> 3721.5
A12: 605000 | B12: 605. Achats de matériels, équipements | C12: 42627 | D12: CARTE | E12: Amazon Activites | F12: -107.17 | H12: =F12+G12+H11 -> 3614.33
A13: 605000 | B13: 605. Achats de matériels, équipements | C13: 42627 | D13: CARTE | E13: Amazon Activites | F13: -69.8 | H13: =F13+G13+H12 -> 3544.53
A14: 616800 | B14: 6168. Assurance Adherents | C14: 42632 | D14: CHEQUE | E14: FSD Adherents | F14: -54.33 | H14: =F14+G14+H13 -> 3490.2
A15: 756000 | B15: 756 Cotisations | C15: 42635 | D15: VIREM | E15: Cotisation Magalhaes | G15: 21 | H15: =F15+G15+H14 -> 3511.2
A16: 616800 | B16: 6168. Assurance Adherents | C16: 42634 | D16: CHEQUE | E16: FSD Adherents | F16: -243 | H16: =F16+G16+H15 -> 3268.2
A17: 615000 | B17: 615. Entretien et réparations | C17: 42639 | D17: CHEQUE | E17: reparation voiture | F17: -168.54 | H17: =F17+G17+H16 -> 3099.66
A18: 606400 | B18: 6064. Fournitures administratives | C18: 42639 | D18: CARTE | E18: Achat logiciel EBP | F18: -81.6 | H18: =F18+G18+H17 -> 3018.06
A19: 602210 | B19: 60221. Combustibles | C19: 42639 | D19: CARTE | E19: Carburant | F19: -36 | H19: =F19+G19+H18 -> 2982.06
A20: 756000 | B20: 756 Cotisations | C20: 42641 | D20: CHEQUE | E20: Cotisations ADH | G20: 446.5 | H20: =F20+G20+H19 -> 3428.56
A21: 756000 | B21: 756 Cotisations | C21: 42641 | D21: CHEQUE | E21: Cotisations ADH | G21: 764.8 | H21: =F21+G21+H20 -> 4193.36
A22: 606400 | B22: 6064. Fournitures administratives | C22: 42641 | D22: CARTE | E22: OVH frais du site | F22: -28.66 | H22: =F22+G22+H21 -> 4164.7
A23: 616800 | B23: 6168. Assurance Adherents | C23: 42643 | D23: CHEQUE | E23: FSD Adherents | F23: -252 | H23: =F23+G23+H22 -> 3912.7
A24: 616600 | B24: 6166 Assurance vehicule | C24: 42648 | D24: PRELEV | E24: Assurance voiture | F24: -43.31 | H24: =F24+G24+H23 -> 3869.39
A25: 641100 | B25: 6411. Salaires, appointements | C25: 42647 | D25: CHEQUE | E25: Salaire cabeca | F25: -880 | H25: =F25+G25+H24 -> 2989.39
A26: 627000 | B26: 627 Services bancaires et assimilés | C26: 42644 | D26: PRELEV | E26: Frais bancaire | F26: -6.63 | H26: =F26+G26+H25 -> 2982.76
A27: 641100 | B27: 6411. Salaires, appointements | C27: 42650 | D27: CHEQUE | E27: salaire Jean | F27: -104 | H27: =F27+G27+H26 -> 2878.76
A28: 645100 | B28: 6451. Cotisations à l'URSSAF | C28: 42650 | D28: PRELEV | E28: URSSAF | F28: -395 | H28: =F28+G28+H27 -> 2483.76
A29: 602210 | B29: 60221. Combustibles | C29: 42662 | D29: CARTE | E29: carburant | F29: -46.4 | H29: =F29+G29+H28 -> 2437.36
A30: 616800 | B30: 6168. Assurance Adherents | C30: 42662 | D30: PRELEV | E30: FSD Adherents | F30: -144 | H30: =F30+G30+H29 -> 2293.36

Sheet Feuil2
A1: COMPTES | B1: INTITULES | C1: Septembre | D1: Octobre
A2: 120000 | B2: 120. Résultat de l'exercice precedent | C2: =ABS(SUMPRODUCT((Feuil1!A2:A30=A2)*(MONTH(Feuil1!C2:C30)=9)*(Feuil1!F2:G30))) -> 0 | D2: =ABS(SUMPRODUCT((Feuil1!A2:A30=A2)*(MONTH(Feuil1!C2:C30)=10)*(Feuil1!F2:G30))) -> 0
A3: 708100 | B3: 7081 Prestations Ecoles | C3: =ABS(SUMPRODUCT((Feuil1!A3:A31=A3)*(MONTH(Feuil1!C3:C31)=9)*(Feuil1!F3:G31))) -> 420 | D3: =ABS(SUMPRODUCT((Feuil1!A3:A31=A3)*(MONTH(Feuil1!C3:C31)=10)*(Feuil1!F3:G31))) -> 0
A4: 756000 | B4: 756 Cotisations | C4: =ABS(SUMPRODUCT((Feuil1!A4:A32=A4)*(MONTH(Feuil1!C4:C32)=9)*(Feuil1!F4:G32))) -> 1232.3 | D4: =ABS(SUMPRODUCT((Feuil1!A4:A32=A4)*(MONTH(Feuil1!C4:C32)=10)*(Feuil1!F4:G32))) -> 0
A5: 708400 | B5: 7084 Prestations Centre de loisirs | C5: =ABS(SUMPRODUCT((Feuil1!A5:A33=A5)*(MONTH(Feuil1!C5:C33)=9)*(Feuil1!F5:G33))) -> 2056.25 | D5: =ABS(SUMPRODUCT((Feuil1!A5:A33=A5)*(MONTH(Feuil1!C5:C33)=10)*(Feuil1!F5:G33))) -> 0
B6: TOTAL des RECETTES = | C6: =SUBTOTAL(109,C2:C5) -> 3708.55 | D6: =SUBTOTAL(109,D2:D5) -> 0
A7: 616600 | B7: 6166 Assurance vehicule | C7: =ABS(SUMPRODUCT((Feuil1!A7:A35=A7)*(MONTH(Feuil1!C7:C35)=9)*(Feuil1!F7:G35))) -> 0 | D7: =ABS(SUMPRODUCT((Feuil1!A7:A35=A7)*(MONTH(Feuil1!C7:C35)=10)*(Feuil1!F7:G35))) -> 43.31
A8: 641100 | B8: 6411. Salaires, appointements | C8: =ABS(SUMPRODUCT((Feuil1!A8:A36=A8)*(MONTH(Feuil1!C8:C36)=9)*(Feuil1!F8:G36))) -> 0 | D8: =ABS(SUMPRODUCT((Feuil1!A8:A36=A8)*(MONTH(Feuil1!C8:C36)=10)*(Feuil1!F8:G36))) -> 984
A9: 602210 | B9: 60221. Carburant | C9: =ABS(SUMPRODUCT((Feuil1!A9:A37=A9)*(MONTH(Feuil1!C9:C37)=9)*(Feuil1!F9:G37))) -> 75.01 | D9: =ABS(SUMPRODUCT((Feuil1!A9:A37=A9)*(MONTH(Feuil1!C9:C37)=10)*(Feuil1!F9:G37))) -> 46.4
A10: 616800 | B10: 6168. Assurance Adherents | C10: =ABS(SUMPRODUCT((Feuil1!A10:A38=A10)*(MONTH(Feuil1!C10:C38)=9)*(Feuil1!F10:G38))) -> 549.33 | D10: =ABS(SUMPRODUCT((Feuil1!A10:A38=A10)*(MONTH(Feuil1!C10:C38)=10)*(Feuil1!F10:G38))) -> 144
A11: 605000 | B11: 605. Achats de matériels, équipements | C11: =ABS(SUMPRODUCT((Feuil1!A11:A39=A11)*(MONTH(Feuil1!C11:C39)=9)*(Feuil1!F11:G39))) -> 176.97 | D11: =ABS(SUMPRODUCT((Feuil1!A11:A39=A11)*(MONTH(Feuil1!C11:C39)=10)*(Feuil1!F11:G39))) -> 0
A12: 615000 | B12: 615. Entretien et réparations | C12: =ABS(SUMPRODUCT((Feuil1!A12:A40=A12)*(MONTH(Feuil1!C12:C40)=9)*(Feuil1!F12:G40))) -> 168.54 | D12: =ABS(SUMPRODUCT((Feuil1!A12:A40=A12)*(MONTH(Feuil1!C12:C40)=10)*(Feuil1!F12:G40))) -> 0
A13: 606400 | B13: 6064. Fournitures administratives | C13: =ABS(SUMPRODUCT((Feuil1!A13:A41=A13)*(MONTH(Feuil1!C13:C41)=9)*(Feuil1!F13:G41))) -> 110.26 | D13: =ABS(SUMPRODUCT((Feuil1!A13:A41=A13)*(MONTH(Feuil1!C13:C41)=10)*(Feuil1!F13:G41))) -> 0
B14: TOTAL des DEPENSES = | C14: =SUBTOTAL(109,C2:C13) -> 4788.66 | D14: =SUBTOTAL(109,D2:D13) -> 1217.71
B16: BALANCE = | C16: =C6-C14 -> -1080.11 | D16: =D6-D14 -> -1217.71
